[Event "FIDE World Senior-50 CC 2023"]
[Site "Terrasini"]
[Date "2023.10.28"]
[Round "4.8"]
[White "Novik, Maxim"]
[Black "Milat, Marcel"]
[Result "1-0"]
[ECO "B04"]
[WhiteElo "2375"]
[BlackElo "2207"]
[Annotator "ChessBase"]
[PlyCount "49"]
[EventDate "2023.10.22"]
[EventType "swiss"]
[EventCountry "ITA"]
[SourceTitle "playchess.com"]
[Source "ChessBase"]
[SourceQuality "1"]
[TimeControl "40/5400+30:1800+30"]

1. e4 Nf6 2. e5 Nd5 3. d4 d6 4. Nf3 Nb6 5. Bd3 Nc6 6. exd6 Qxd6 7. O-O Bg4 8. h3 Bh5 9. c3 O-O-O 10. a4 e5 11. a5 Nd7 12. a6 exd4 13. axb7+ Kb8 14. Be4 d3 15. Qa4 Nc5 16. Qxc6 Bxf3 17. Bxf3 Qxc6 18. Bxc6 Nb3 19. Ra4 Rd6 20. Bf3 d2 21. Nxd2 Nxd2 22. Bxd2 Rxd2 23. b4 Rc2 24. Rxa7 c6 25. Bxc6 1-0

[Event "FIDE World Senior-50 CC 2023"]
[Site "Terrasini"]
[Date "2023.10.28"]
[Round "4.9"]
[White "Morin, Yves"]
[Black "Stefansson, Hannes"]
[Result "0-1"]
[ECO "B21"]
[WhiteElo "2169"]
[BlackElo "2529"]
[Annotator "ChessBase"]
[PlyCount "90"]
[EventDate "2023.10.22"]
[EventType "swiss"]
[EventCountry "ITA"]
[SourceTitle "playchess.com"]
[Source "ChessBase"]
[SourceQuality "1"]
[TimeControl "40/5400+30:1800+30"]

1. e4 c5 2. d3 Nc6 3. f4 g6 4. Nf3 Bg7 5. Be2 Nf6 6. O-O d5 7. e5 Ng4 8. c3 d4 9. Na3 f6 10. h3 Nh6 11. exf6 Bxf6 12. Bd2 Nf5 13. Qe1 h5 14. Nc4 Qd5 15. Nce5 Bxe5 16. Nxe5 Nxe5 17. fxe5 Be6 18. Bf3 Qd7 19. c4 h4 20. Bf4 a5 21. b3 Ra6 22. Rb1 b5 23. a4 b4 24. Qf2 Kd8 25. Bg4 Ra8 26. Rb2 Kc7 27. Bxf5 gxf5 28. Bh2 Rag8 29. Kh1 Kb6 30. Qf4 Qc6 31. Qf3 Qc8 32. Qf4 Rg6 33. Rff2 Bd7 34. Rbe2 Bc6 35. Kg1 Qa8 36. e6 Qb7 37. Kf1 Rhg8 38. Qd2 f4 39. Bxf4 Bxg2+ 40. Rxg2 Rxg2 41. Rxg2 Qf3+ 42. Rf2 Qxh3+ 43. Ke2 Rg1 44. Qc2 Qxe6+ 45. Kf3 Qg4+ 0-1

[Event "FIDE World Senior-50 CC 2023"]
[Site "Terrasini"]
[Date "2023.10.28"]
[Round "4.10"]
[White "Dlugy, Maxim"]
[Black "Koganov, Mikhail"]
[Result "1-0"]
[ECO "A55"]
[WhiteElo "2520"]
[BlackElo "2170"]
[Annotator "ChessBase"]
[PlyCount "98"]
[EventDate "2023.10.22"]
[EventType "swiss"]
[EventCountry "ITA"]
[SourceTitle "playchess.com"]
[Source "ChessBase"]
[SourceQuality "1"]
[TimeControl "40/5400+30:1800+30"]

1. d4 Nf6 2. Nf3 d6 3. c4 Nbd7 4. Nc3 e5 5. e4 Be7 6. Be2 O-O 7. O-O c6 8. Be3 Qc7 9. d5 Ng4 10. Bd2 Nc5 11. b4 Na6 12. Ne1 Nf6 13. Nd3 cxd5 14. cxd5 Ne8 15. Qb3 f5 16. Nxe5 Bf6 17. Nc4 fxe4 18. Rac1 Qe7 19. Rce1 Bxc3 20. Bxc3 Qg5 21. Kh1 Qxd5 22. Rd1 Qf7 23. Nxd6 Qxb3 24. axb3 Nxd6 25. Rxd6 Nc7 26. Bc4+ Kh8 27. h3 b5 28. Rc6 Ne8 29. Bxb5 Bd7 30. Rc5 Bxb5 31. Rxb5 Rd8 32. Kg1 Rd7 33. Re1 h6 34. Rb8 Kh7 35. b5 Rg8 36. Be5 Re7 37. Bd4 Rd7 38. Bc5 Nf6 39. Rxg8 Kxg8 40. Ra1 Rb7 41. Ra5 Nd5 42. Bxa7 Kf7 43. Bd4 Ne7 44. b6 Rd7 45. Bc5 Nc6 46. Ra4 Rd5 47. b4 Rd1+ 48. Kh2 Rb1 49. b7 Ke6 1-0

[Event "FIDE World Senior-50 CC 2023"]
[Site "Terrasini"]
[Date "2023.10.28"]
[Round "4.11"]
[White "Issakainen, Ari"]
[Black "Degraeve, Jean-Marc"]
[Result "0-1"]
[ECO "A35"]
[WhiteElo "2152"]
[BlackElo "2479"]
[Annotator "ChessBase"]
[PlyCount "76"]
[EventDate "2023.10.22"]
[EventType "swiss"]
[EventCountry "ITA"]
[SourceTitle "playchess.com"]
[Source "ChessBase"]
[SourceQuality "1"]
[TimeControl "40/5400+30:1800+30"]

1. d4 g6 2. c4 Bg7 3. Nc3 c5 4. Nf3 cxd4 5. Nxd4 Nc6 6. Nc2 Bxc3+ 7. bxc3 Nf6 8. Nb4 Qa5 9. Nd5 d6 10. Nxf6+ exf6 11. Bb2 Ke7 12. Qd5 Be6 13. Qb5 Rab8 14. e4 a6 15. Qxa5 Nxa5 16. O-O-O Rbc8 17. Ba3 Rhd8 18. f4 Nxc4 19. Bxc4 Rxc4 20. e5 fxe5 21. fxe5 Rxc3+ 22. Kb2 Rdc8 23. Bxd6+ Ke8 24. Rd2 Bf5 25. Rhd1 Rc2+ 26. Ka1 Bg4 27. Rxc2 Rxc2 28. Rg1 Be6 29. a3 Bd5 30. Kb1 Rxg2 31. Rxg2 Bxg2 32. Kc2 Kd7 33. Kd3 f6 34. Kd4 Ke6 35. Bc7 f5 36. h4 f4 37. Bd6 Kf5 38. Bc7 Bc6 0-1

[Event "FIDE World Senior-50 CC 2023"]
[Site "Terrasini"]
[Date "2023.10.28"]
[Round "4.12"]
[White "Seul, Georg"]
[Black "Fayard, Alain"]
[Result "1/2-1/2"]
[ECO "B12"]
[WhiteElo "2383"]
[BlackElo "2158"]
[Annotator "ChessBase"]
[PlyCount "51"]
[EventDate "2023.10.22"]
[EventType "swiss"]
[EventCountry "ITA"]
[SourceTitle "playchess.com"]
[Source "ChessBase"]
[SourceQuality "1"]
[TimeControl "40/5400+30:1800+30"]

1. e4 c6 2. d4 d5 3. e5 c5 4. dxc5 e6 5. a3 Bxc5 6. Nf3 f6 7. b4 Be7 8. Bb5+ Bd7 9. Bd3 Nc6 10. Bb2 a6 11. Nbd2 Nh6 12. O-O Nf7 13. exf6 Bxf6 14. Bxf6 Qxf6 15. c4 O-O 16. Re1 Rad8 17. Qe2 Nfe5 18. Rad1 Nxd3 19. Qxd3 Be8 20. b5 axb5 21. cxb5 Nb8 22. a4 Nd7 23. Qe3 e5 24. Nxe5 Nxe5 25. Qxe5 Qxf2+ 26. Kh1 1/2-1/2

[Event "FIDE World Senior-50 CC 2023"]
[Site "Terrasini"]
[Date "2023.10.28"]
[Round "4.13"]
[White "Lasinskas, Povilas"]
[Black "Mrva, Martin"]
[Result "0-1"]
[ECO "A46"]
[WhiteElo "2143"]
[BlackElo "2366"]
[Annotator "ChessBase"]
[PlyCount "116"]
[EventDate "2023.10.22"]
[EventType "swiss"]
[EventCountry "ITA"]
[SourceTitle "playchess.com"]
[Source "ChessBase"]
[SourceQuality "1"]
[TimeControl "40/5400+30:1800+30"]

1. d4 d6 2. Nf3 Bg4 3. Nbd2 Nf6 4. h3 Bf5 5. e3 Nc6 6. Bd3 Bxd3 7. cxd3 e5 8. Qb3 Rb8 9. d5 Ne7 10. e4 c6 11. Qa4 b5 12. Qxa7 cxd5 13. O-O d4 14. Qa3 Nc6 15. Qb3 Be7 16. a4 Na5 17. Qd1 O-O 18. b4 Nc6 19. Ba3 Qb6 20. a5 Qb7 21. Qb3 Rbc8 22. Rac1 Nb8 23. Rfd1 Na6 24. Nf1 Nh5 25. Ng3 Nf4 26. Kf1 g6 27. Ne2 Ne6 28. Rxc8 Rxc8 29. Rc1 Rc6 30. Rxc6 Qxc6 31. Bc1 Kg7 32. Bd2 Nec7 33. Ne1 d5 34. f3 Qe6 35. Nc2 Bh4 36. Be1 Bg5 37. Bf2 Bh6 38. Na3 dxe4 39. Qxe6 Nxe6 40. fxe4 Nec7 41. Be1 f5 42. exf5 gxf5 43. g4 f4 44. Ng1 Kf6 45. Nf3 Bf8 46. Nd2 Nxb4 47. Ne4+ Kg6 48. Ke2 f3+ 49. Kxf3 Nxd3 50. Nc2 b4 51. Nd2 Kf6 52. Bg3 Na6 53. Na1 Ke6 54. h4 Ndc5 55. h5 Bh6 56. Nc4 e4+ 57. Ke2 d3+ 58. Kf2 Bg7 0-1

[Event "FIDE World Senior-50 CC 2023"]
[Site "Terrasini"]
[Date "2023.10.28"]
[Round "4.14"]
[White "Paschall, William"]
[Black "Minnican, Alan"]
[Result "1-0"]
[ECO "C41"]
[WhiteElo "2329"]
[BlackElo "2071"]
[Annotator "ChessBase"]
[PlyCount "89"]
[EventDate "2023.10.22"]
[EventType "swiss"]
[EventCountry "ITA"]
[SourceTitle "playchess.com"]
[Source "ChessBase"]
[SourceQuality "1"]
[TimeControl "40/5400+30:1800+30"]

1. d4 d6 2. Nc3 Nf6 3. e4 e5 4. Nge2 exd4 5. Nxd4 Be7 6. Be2 O-O 7. O-O Re8 8. f4 c5 9. Nb3 Nc6 10. Kh1 a5 11. a4 Nb4 12. Bf3 Be6 13. Rf2 Qb6 14. f5 Bd7 15. g4 Bc6 16. Nd2 d5 17. exd5 Nbxd5 18. Nxd5 Bxd5 19. Bxd5 Nxd5 20. Nc4 Qc6 21. Qf3 Bh4 22. Rf1 Nb4 23. Qxc6 Nxc6 24. Be3 Re4 25. b3 Bf6 26. Rad1 Bd4 27. Bf4 Re2 28. Bd2 Ne5 29. Rde1 Rxe1 30. Rxe1 Nf3 31. Re2 Bf6 32. Bxa5 Nd4 33. Rg2 h6 34. Bc3 Rd8 35. Bxd4 Rxd4 36. h3 Kf8 37. Rd2 Re4 38. Kg2 Ke7 39. Kf3 Re1 40. Re2+ Rxe2 41. Kxe2 Kd7 42. Kd3 Kc6 43. Ke4 Kd7 44. Kd5 Bd4 45. Nd6 1-0

[Event "FIDE World Senior-50 CC 2023"]
[Site "Terrasini"]
[Date "2023.10.28"]
[Round "4.15"]
[White "Mantovani, Renzo"]
[Black "Grant, Jonathan I M"]
[Result "0-1"]
[ECO "B19"]
[WhiteElo "2236"]
[BlackElo "2150"]
[Annotator "ChessBase"]
[PlyCount "76"]
[EventDate "2023.10.22"]
[EventType "swiss"]
[EventCountry "ITA"]
[SourceTitle "playchess.com"]
[Source "ChessBase"]
[SourceQuality "1"]
[TimeControl "40/5400+30:1800+30"]

1. e4 c6 2. d4 d5 3. Nc3 dxe4 4. Nxe4 Bf5 5. Ng3 Bg6 6. Nf3 e6 7. h4 h6 8. h5 Bh7 9. Bd3 Bxd3 10. Qxd3 Nf6 11. Bd2 Bd6 12. Ne4 Nxe4 13. Qxe4 Nd7 14. O-O-O Nf6 15. Qe2 Qc7 16. Kb1 O-O-O 17. c4 c5 18. Bc3 cxd4 19. Bxd4 Bc5 20. b3 Bxd4 21. Nxd4 Qf4 22. Nb5 a6 23. Nc3 Rxd1+ 24. Rxd1 Qf5+ 25. Kb2 Rd8 26. Rxd8+ Kxd8 27. Qd2+ Nd7 28. Qe2 Nc5 29. Qd2+ Kc8 30. f3 Qxh5 31. Qd6 Nd7 32. Ne4 Qe5+ 33. Kc2 g5 34. Qb4 Kc7 35. c5 Qd5 36. Qa5+ Kb8 37. b4 Ne5 38. Kb2 Nc4+ 0-1

[Event "FIDE World Senior-50 CC 2023"]
[Site "Terrasini"]
[Date "2023.10.28"]
[Round "4.16"]
[White "Nikolaidis, Konstantinos"]
[Black "Plotkin, Victor"]
[Result "1/2-1/2"]
[ECO "A34"]
[WhiteElo "2096"]
[BlackElo "2229"]
[Annotator "ChessBase"]
[PlyCount "67"]
[EventDate "2023.10.22"]
[EventType "swiss"]
[EventCountry "ITA"]
[SourceTitle "playchess.com"]
[Source "ChessBase"]
[SourceQuality "1"]
[TimeControl "40/5400+30:1800+30"]

1. c4 c5 2. Nf3 Nc6 3. Nc3 Nf6 4. g3 e5 5. Bg2 Be7 6. O-O O-O 7. d3 d6 8. a3 h6 9. Rb1 a5 10. Ne1 Be6 11. Nd5 Rb8 12. Bd2 Re8 13. Nc2 Nd4 14. b4 axb4 15. axb4 Nxd5 16. cxd5 Bg4 17. Re1 Nxc2 18. Qxc2 b6 19. h3 Bd7 20. Ra1 Ra8 21. Qb2 Qc7 22. Rec1 Reb8 23. Rcb1 Qc8 24. Kh2 Rxa1 25. Rxa1 Ra8 26. Ra3 Rxa3 27. Qxa3 Qb7 28. Bc3 Bd8 29. Qa1 Bc8 30. Qa4 Bd7 31. Qa1 Bc8 32. Qa4 Bd7 33. Qa1 f6 34. f4 1/2-1/2

[Event "FIDE World Senior-50 CC 2023"]
[Site "Terrasini"]
[Date "2023.10.28"]
[Round "4.17"]
[White "Dieu, Bruno"]
[Black "Malinovsky, Petr"]
[Result "1-0"]
[ECO "B27"]
[WhiteElo "2221"]
[BlackElo "1980"]
[Annotator "ChessBase"]
[PlyCount "70"]
[EventDate "2023.10.22"]
[EventType "swiss"]
[EventCountry "ITA"]
[SourceTitle "playchess.com"]
[Source "ChessBase"]
[SourceQuality "1"]
[TimeControl "40/5400+30:1800+30"]

1. Nc3 c5 2. Nf3 g6 3. d4 cxd4 4. Qxd4 Nf6 5. e4 Nc6 6. Qa4 d6 7. e5 dxe5 8. Nxe5 Bd7 9. Nxd7 Qxd7 10. Be3 Bg7 11. Rd1 Qc8 12. Be2 O-O 13. O-O Qf5 14. Qb5 Qxb5 15. Nxb5 a6 16. Nd4 Nxd4 17. Bxd4 Ne4 18. Bxg7 Kxg7 19. Rd7 Rab8 20. Bf3 Nd6 21. Re1 Rfe8 22. Rdxe7 Rxe7 23. Rxe7 Kf6 24. Re2 b5 25. a3 Nc4 26. c3 Rd8 27. Rc2 Nd2 28. Be2 Ke5 29. f3 Nb3 30. Kf2 f5 31. c4 Rc8 32. Rc3 bxc4 33. Bxc4 Nc5 34. Bxa6 Kd4 35. Bxc8 Kd5 1-0

[Event "FIDE World Senior-50 CC 2023"]
[Site "Terrasini"]
[Date "2023.10.28"]
[Round "4.18"]
[White "Mussanti, Diego"]
[Black "Melero Sanchez, Pere"]
[Result "1-0"]
[ECO "B11"]
[WhiteElo "2183"]
[BlackElo "1888"]
[Annotator "ChessBase"]
[PlyCount "63"]
[EventDate "2023.10.22"]
[EventType "swiss"]
[EventCountry "ITA"]
[SourceTitle "playchess.com"]
[Source "ChessBase"]
[SourceQuality "1"]
[TimeControl "40/5400+30:1800+30"]

1. e4 c6 2. Nc3 d5 3. Nf3 Bg4 4. h3 Bxf3 5. Qxf3 Nf6 6. d3 e6 7. Bd2 Be7 8. g4 d4 9. Ne2 c5 10. g5 Nfd7 11. h4 Nc6 12. O-O-O Qc7 13. h5 f6 14. Nf4 Nd8 15. Bh3 Ne5 16. Qe2 Qc6 17. h6 g6 18. gxf6 Bxf6 19. Kb1 O-O 20. Rhg1 Rf7 21. Nh5 Bh8 22. f4 Nd7 23. f5 Nf8 24. Nf4 e5 25. Nxg6 hxg6 26. fxg6 Nxg6 27. Bf5 Rf6 28. Qh5 Kh7 29. Rxg6 Rxf5 30. exf5 Qd5 31. Rg7+ Bxg7 32. Qg6+ 1-0

[Event "FIDE World Senior-50 CC 2023"]
[Site "Terrasini"]
[Date "2023.10.28"]
[Round "4.19"]
[White "Fabiano, Giuseppe"]
[Black "Boulard, Eric"]
[Result "0-1"]
[ECO "D30"]
[WhiteElo "2030"]
[BlackElo "2181"]
[Annotator "ChessBase"]
[PlyCount "134"]
[EventDate "2023.10.22"]
[EventType "swiss"]
[EventCountry "ITA"]
[SourceTitle "playchess.com"]
[Source "ChessBase"]
[SourceQuality "1"]
[TimeControl "40/5400+30:1800+30"]

1. d4 d5 2. c4 e6 3. Nf3 Nf6 4. Bg5 dxc4 5. Qa4+ Nbd7 6. e3 a6 7. Bxc4 Be7 8. Nbd2 O-O 9. Qc2 c5 10. a4 h6 11. Bh4 cxd4 12. Nxd4 Ne5 13. Be2 Nd5 14. Bxe7 Qxe7 15. O-O Bd7 16. N2f3 Nb4 17. Qb3 Nec6 18. Rfd1 Rfd8 19. a5 Rac8 20. Qa3 Qf8 21. Rac1 Be8 22. Nb3 Rxd1+ 23. Bxd1 Nd3 24. Qxf8+ Kxf8 25. Rc2 Rd8 26. Be2 Ndb4 27. Rc4 Nd3 28. Rc2 Ke7 29. Nfd4 Ndb4 30. Rd2 e5 31. Nf5+ Kf6 32. Nd6 Rb8 33. Bc4 g6 34. h4 Ke7 35. g4 Nd4 36. exd4 Kxd6 37. dxe5+ Kxe5 38. Re2+ Kf4 39. Nd4 Nc6 40. Nb3 Kxg4 41. Re4+ Kf5 42. f3 Rd8 43. Be2 Ne5 44. Rb4 Bc6 45. Nd4+ Rxd4 46. Rxd4 Nxf3+ 47. Bxf3 Bxf3 48. Kf2 Bc6 49. Kg3 g5 50. Rc4 Kg6 51. Rd4 f5 52. hxg5 hxg5 53. Rd8 Kf6 54. Rd6+ Ke5 55. Rg6 g4 56. Rg7 Be4 57. Rc7 Bd5 58. Rc8 f4+ 59. Kh4 g3 60. Re8+ Be6 61. Re7 g2 62. Rg7 Bd5 63. Rg5+ Kd4 64. Kh3 Ke3 65. Kh2 Kf2 66. Rg7 Kf1 67. Rg5 f3 0-1

[Event "FIDE World Senior-50 CC 2023"]
[Site "Terrasini"]
[Date "2023.10.29"]
[Round "5.1"]
[White "Atalik, Suat"]
[Black "Morovic Fernandez, Ivan"]
[Result "1/2-1/2"]
[ECO "D10"]
[WhiteElo "2427"]
[BlackElo "2488"]
[Annotator "RC"]
[PlyCount "46"]
[EventDate "2023.10.22"]
[EventType "swiss"]
[EventCountry "ITA"]
[SourceTitle "playchess.com"]
[Source "ChessBase"]
[SourceQuality "1"]
[TimeControl "40/5400+30:1800+30"]

1. d4 d5 2. c4 c6 3. cxd5 cxd5 4. Bf4 Nc6 5. e3 Nf6 6. Nc3 Bg4 7. Qb3 Na5 8. Qa4+ Bd7 9. Qd1 Rc8 10. Bd3 e6 11. a3 Qb6 12. Rb1 Nc4 13. Bxc4 Rxc4 14. Nf3 Rc8 15. Ne5 Be7 16. Bg5 Bc6 17. O-O O-O 18. Ng4 Nxg4 19. Bxe7 Qc7 20. Qxg4 Qxe7 21. Rfc1 Rc7 22. Na2 Rfc8 23. Rc3 Bb5 1/2-1/2

[Event "FIDE World Senior-50 CC 2023"]
[Site "Terrasini"]
[Date "2023.10.29"]
[Round "5.2"]
[White "Prasad, Devaki V"]
[Black "Adams, Michael"]
[Result "0-1"]
[ECO "C54"]
[WhiteElo "2200"]
[BlackElo "2670"]
[Annotator "TA"]
[PlyCount "70"]
[EventDate "2023.10.22"]
[EventType "swiss"]
[EventCountry "ITA"]
[SourceTitle "playchess.com"]
[Source "ChessBase"]
[SourceQuality "1"]
[TimeControl "40/5400+30:1800+30"]

1. e4 e5 2. Nf3 Nc6 3. Bc4 Nf6 4. d3 Bc5 5. c3 a6 ({Don't play} 5... d5 6. exd5 Nxd5 7. Qb3 $14) 6. a4 {[%emt 0:00:09] C54: Giuoco Piano: 4 c3 Nf6, main lines with 5 d4 and 5 d3.} d6 $1 {[%emt 0:00:35] The main line 6...d6 scores better than 6...Ba7.} 7. O-O Ba7 8. Re1 {[%emt 0:01:23] White is slightly better.} Ng4 9. Re2 Qf6 10. b4 O-O {[%emt 0:04:47] [#]} 11. h3 $146 ({Predecessor:} 11. Nbd2 Qg6 12. Nf1 Kh8 13. Ng3 Be6 14. Rb2 b5 15. Bxe6 fxe6 16. Nh4 Qf6 17. Qxg4 Bxf2+ {½-½ Antipov,M (2549)-Adhiban,B (2654) Wch Blitz Moscow 2019 (9)}) 11... Nh6 12. Be3 Qg6 13. Kh1 Kh8 14. Bxa7 Rxa7 15. Nbd2 Nd8 16. d4 Ne6 17. Bxe6 ({Of course not} 17. dxe5 Nf4 18. Qf1 Nxe2 19. Qxe2 dxe5 $11) 17... Qxe6 18. Nf1 f6 19. a5 Qf7 20. Ng3 Ra8 21. Qd2 Be6 22. Ree1 Rad8 23. Qe3 Rde8 24. Qd2 Ng8 25. Rad1 (25. d5 $5 Bd7 26. c4 $11) 25... Ne7 26. Qe3 Ng6 27. Ne2 h6 (27... Bb3 $5 28. Rc1 Bc4 $11) 28. Kg1 (28. Ng3 $11) 28... Bb3 ({Black should try} 28... f5 $15 29. d5 Bd7) 29. Rb1 {[%emt 0:07:22] [#]} (29. Rc1 $11) 29... Bc2 $1 $17 30. Rbc1 exd4 31. Nexd4 (31. Qxd4 $17 {keeps fighting.} Bxe4 32. Nd2) 31... Bxe4 $19 {[%emt 0:27:52] Black is clearly better.} ({Not} 31... Rxe4 32. Qd2 Rxe1+ 33. Rxe1 $17) 32. c4 c5 33. bxc5 dxc5 34. Ne2 Bc6 35. Qc3 Rd8 {[%emt 0:00:00] Weighted Error Value: White=0.19 (very precise) /Black=0.09 (flawless)} 0-1

[Event "FIDE World Senior-50 CC 2023"]
[Site "Terrasini"]
[Date "2023.10.29"]
[Round "5.3"]
[White "Stefansson, Hannes"]
[Black "Novik, Maxim"]
[Result "1-0"]
[ECO "B42"]
[WhiteElo "2529"]
[BlackElo "2375"]
[Annotator "RC"]
[PlyCount "93"]
[EventDate "2023.10.22"]
[EventType "swiss"]
[EventCountry "ITA"]
[SourceTitle "playchess.com"]
[Source "ChessBase"]
[SourceQuality "1"]
[TimeControl "40/5400+30:1800+30"]

1. e4 c5 2. Nf3 e6 3. d4 cxd4 4. Nxd4 a6 5. Bd3 Nf6 6. O-O Qc7 7. Qe2 d6 8. c4 g6 9. Nc3 Bg7 10. Rd1 O-O 11. Nf3 Nc6 12. h3 Nd7 13. Be3 b6 14. Rac1 Nce5 15. Nxe5 Nxe5 16. b3 Bb7 17. Qd2 Rfe8 18. Bf1 Bf8 19. f4 Nd7 20. e5 Rad8 21. exd6 Qc6 22. b4 Nb8 23. c5 bxc5 24. bxc5 Nd7 25. Ne2 e5 26. fxe5 Nxe5 27. Nd4 Qe4 28. Re1 Rc8 29. Bf4 Qd5 30. Bxe5 Rxe5 31. Rxe5 Qxe5 32. d7 Rd8 33. c6 Bc5 34. Rxc5 Qxc5 35. cxb7 Qd6 36. Qb2 Rb8 37. Bxa6 Qxd7 38. Qb6 h5 39. Qc5 Kh7 40. Nc6 Qd1+ 41. Kh2 Re8 42. b8=Q Re1 43. Qf4 Rh1+ 44. Kg3 Qe1+ 45. Qcf2 Qc3+ 46. Kh4 g5+ 47. Qxg5 1-0

[Event "FIDE World Senior-50 CC 2023"]
[Site "Terrasini"]
[Date "2023.10.29"]
[Round "5.4"]
[White "Vlassov, Nikolai"]
[Black "Dlugy, Maxim"]
[Result "1/2-1/2"]
[ECO "B22"]
[WhiteElo "2283"]
[BlackElo "2520"]
[Annotator "RC"]
[PlyCount "140"]
[EventDate "2023.10.22"]
[EventType "swiss"]
[EventCountry "ITA"]
[SourceTitle "playchess.com"]
[Source "ChessBase"]
[SourceQuality "1"]
[TimeControl "40/5400+30:1800+30"]

1. e4 c5 2. c3 d5 3. exd5 Qxd5 4. d4 g6 5. Na3 cxd4 6. Nb5 Na6 7. Qxd4 Qxd4 8. Nxd4 Nc5 9. b4 Ne4 10. Nb5 Bg7 11. Ne2 Kf8 12. f3 Bd7 13. fxe4 Bxb5 14. Nd4 Bxf1 15. Rxf1 Nf6 16. e5 Nd5 17. e6 f5 18. Bb2 Bxd4 19. cxd4 Nxb4 20. Kd2 Nd5 21. g4 f4 22. Rae1 Kg7 23. Re5 Rad8 24. Kd3 Rhf8 25. Ke4 Ne3 26. Rc1 Nxg4 27. Rb5 Nf2+ 28. Kf3 Nd3 29. Rc7 Nxb2 30. Rxe7+ Kf6 31. Rexb7 Rxd4 32. Rxb2 Kxe6 33. Rxa7 Rd3+ 34. Kf2 Kf5 35. Rxh7 Rfd8 36. Rb5+ R8d5 37. Rf7+ Kg4 38. h3+ Kg5 39. h4+ Kg4 40. Rxd5 Rxd5 41. Rf6 Rd2+ 42. Ke1 Rxa2 43. Rxg6+ Kf3 44. h5 Re2+ 45. Kd1 Rh2 46. h6 Kf2 47. Ra6 Rh5 48. Rd6 f3 49. Kd2 Rh3 50. Rf6 Rh5 51. Rd6 Kf1 52. Rf6 f2 53. Rd6 Rh2 54. Rg6 Rh3 55. Rf6 Rh4 56. Rg6 Rd4+ 57. Kc2 Ke2 58. Re6+ Kf3 59. Rf6+ Kg2 60. Rg6+ Kh1 61. Rf6 Kg2 62. Rg6+ Kh3 63. Rf6 Kg3 64. Rg6+ Kf3 65. Rf6+ Ke2 66. Re6+ Kf1 67. h7 Rh4 68. Re7 Kg2 69. Rg7+ Kh1 70. Rf7 Kg2 1/2-1/2

[Event "FIDE World Senior-50 CC 2023"]
[Site "Terrasini"]
[Date "2023.10.29"]
[Round "5.5"]
[White "Sturua, Zurab"]
[Black "Paschall, William"]
[Result "1-0"]
[ECO "E12"]
[WhiteElo "2514"]
[BlackElo "2329"]
[Annotator "RC"]
[PlyCount "77"]
[EventDate "2023.10.22"]
[EventType "swiss"]
[EventCountry "ITA"]
[SourceTitle "playchess.com"]
[Source "ChessBase"]
[SourceQuality "1"]
[TimeControl "40/5400+30:1800+30"]

1. d4 Nf6 2. c4 e6 3. Nf3 b6 4. a3 Bb7 5. Nc3 g6 6. d5 exd5 7. cxd5 Bg7 8. Bf4 O-O 9. e3 c6 10. d6 a5 11. Be2 Na6 12. O-O Nc5 13. Qc2 Qe8 14. Nd2 Ba6 15. Bxa6 Rxa6 16. e4 Qe6 17. Rad1 a4 18. h3 Re8 19. Rfe1 Nh5 20. Bh2 Be5 21. Bxe5 Qxe5 22. Nf3 Qg7 23. e5 f5 24. exf6 Nxf6 25. Rxe8+ Nxe8 26. Ne4 Ra5 27. Nxc5 bxc5 28. Re1 Ra8 29. Re7 Qf6 30. Rxd7 Nxd6 31. Qxc5 Nf7 32. Qc4 Rf8 33. Rb7 Kh8 34. Qxa4 Nd6 35. Rd7 Nb5 36. Qe4 Qxb2 37. Qe7 Qc1+ 38. Ne1 Qh6 39. a4 1-0

[Event "FIDE World Senior-50 CC 2023"]
[Site "Terrasini"]
[Date "2023.10.29"]
[Round "5.6"]
[White "Degraeve, Jean-Marc"]
[Black "Estremera Panos, Sergio"]
[Result "1-0"]
[ECO "C55"]
[WhiteElo "2479"]
[BlackElo "2232"]
[Annotator "RC"]
[PlyCount "83"]
[EventDate "2023.10.22"]
[EventType "swiss"]
[EventCountry "ITA"]
[SourceTitle "playchess.com"]
[Source "ChessBase"]
[SourceQuality "1"]
[TimeControl "40/5400+30:1800+30"]

1. e4 e5 2. Nf3 Nc6 3. Bc4 Nf6 4. d3 Be7 5. O-O O-O 6. Nc3 d6 7. a4 Be6 8. Nd5 Bxd5 9. exd5 Nb4 10. d4 e4 11. Nd2 Nbxd5 12. Nxe4 Nb4 13. Nxf6+ Bxf6 14. c3 d5 15. Be2 Nc6 16. a5 a6 17. Qb3 Rb8 18. Bf3 Ne7 19. Bf4 Qd7 20. Rfe1 Rfd8 21. Bg3 g6 22. h3 h5 23. Re2 Kg7 24. Rae1 Nf5 25. Be5 Nh4 26. Bxf6+ Kxf6 27. Re3 c6 28. Be2 Nf5 29. Re5 Nd6 30. Qd1 Rh8 31. Bd3 Rbe8 32. f4 Kg7 33. f5 Rxe5 34. f6+ Kf8 35. Rxe5 Ne8 36. Re7 Qd6 37. Rxb7 Nxf6 38. Qe2 Nd7 39. Bxa6 Kg7 40. Bd3 Rd8 41. a6 c5 42. Bb5 1-0

[Event "FIDE World Senior-50 CC 2023"]
[Site "Terrasini"]
[Date "2023.10.29"]
[Round "5.7"]
[White "Boulard, Eric"]
[Black "Bischoff, Klaus"]
[Result "*"]
[ECO "A10"]
[WhiteElo "2181"]
[BlackElo "2473"]
[Annotator "RC"]
[PlyCount "58"]
[EventDate "2023.10.22"]
[EventType "swiss"]
[EventCountry "ITA"]
[SourceTitle "playchess.com"]
[Source "ChessBase"]
[SourceQuality "1"]
[TimeControl "40/5400+30:1800+30"]

1. c4 g6 2. Nf3 Bg7 3. g3 d6 4. Bg2 a6 5. O-O c6 6. Nc3 b5 7. d3 Bb7 8. Qc2 Nf6 9. a3 O-O 10. b3 Nbd7 11. Bb2 e5 12. e3 d5 13. Rfd1 Qe7 14. Rac1 Rfe8 15. Qb1 Rad8 16. cxb5 cxb5 17. e4 d4 18. Ne2 Nc5 19. Nd2 Bh6 20. b4 Na4 21. Rc2 Bc8 22. Nb3 Be6 23. Nc5 Nxc5 24. Rxc5 Nd7 25. Rc6 Nb8 26. Rc5 f6 27. Bc1 Bf8 28. Bd2 Qd7 29. Rc2 Rc8 *

[Event "FIDE World Senior-50 CC 2023"]
[Site "Terrasini"]
[Date "2023.10.29"]
[Round "5.8"]
[White "Grant, Jonathan I M"]
[Black "Minasian, Artashes"]
[Result "0-1"]
[ECO "A36"]
[WhiteElo "2150"]
[BlackElo "2462"]
[Annotator "ChessBase"]
[PlyCount "108"]
[EventDate "2023.10.22"]
[EventType "swiss"]
[EventCountry "ITA"]
[SourceTitle "playchess.com"]
[Source "ChessBase"]
[SourceQuality "1"]
[TimeControl "40/5400+30:1800+30"]

1. c4 g6 2. g3 Bg7 3. Bg2 c5 4. Nc3 Nc6 5. d3 d6 6. e4 e6 7. h4 h6 8. Nge2 Nge7 9. Be3 Nd4 10. Qd2 Nec6 11. h5 g5 12. f4 g4 13. Rh4 f5 14. exf5 exf5 15. Bxd4 cxd4 16. Nb5 O-O 17. Kf2 Re8 18. Re1 Be6 19. Nc1 Bf7 20. Rxe8+ Bxe8 21. Rh1 a6 22. Na3 Bf7 23. Nc2 Qd7 24. Nb4 Ne7 25. b3 a5 26. Nc2 Nc6 27. Na3 Re8 28. Nb5 b6 29. a3 d5 30. Re1 Rxe1 31. Qxe1 Ne7 32. Qh1 a4 33. Qf1 axb3 34. Nxb3 dxc4 35. dxc4 d3 36. Qc1 Bxh5 37. Qe3 Bf7 38. Nd2 h5 39. Bf1 h4 40. gxh4 Bf6 41. Qxd3 Bxh4+ 42. Kg1 Qxd3 43. Bxd3 Bg3 44. Nb3 Bxf4 45. N5d4 Bg6 46. Kf2 Be5 47. Nb5 Be8 48. a4 Kg7 49. a5 bxa5 50. Nxa5 Kf6 51. Nb3 Bc6 52. N3d4 Bb7 53. Nb3 g3+ 54. Kg1 Bf4 0-1